 Dungeon Crawl Stone Soup version 0.30-a0-56-ge6a4009bfd (webtiles) character file.

Game seed: 10632445545501772799

382 hellse the Covert (level 6, -3/53 HPs)
             Began as a Gnoll Delver on Sept 10, 2022.
             Was a Priest of Cheibriados.
             Slain by an ogre
             ... wielding a +0 giant club
              (29 damage)
             ... on level 4 of the Dungeon.
             The game lasted 00:07:35 (3380 turns).

hellse the Covert (Gnoll Delver)                    Turns: 3380, Time: 00:07:35

Health: -3/53      AC:  6    Str: 24    XL:     6   Next: 76%
Magic:  9/9        EV: 14    Int: 18    God:    Cheibriados [***...]
Gold:   133        SH:  0    Dex: 21    Spells: 9/9 levels left

rFire   . . .      SeeInvis .    b - +1 hammer (venom)
rCold   . . .      Faith    .    (no shield)
rNeg    . . .      Spirit   .    p - +0 ring mail
rPois   +          Reflect  .    (no helmet)
rElec   .          Harm     .    (no cloak)
rCorr   .          Rampage  .    (no gloves)
Will    .....                    i - +0 pair of boots
Stlth   ++++......               m - amulet of regeneration
HPRegen 0.97/turn                j - ring of poison resistance
MPRegen 0.11/turn                A - +6 ring of strength

@: very slow
A: fangs 1, strong nose, distributed training
a: Renounce Religion, Bend Time, Temporal Distortion


You were on level 4 of the Dungeon.
You worshipped Cheibriados.
Cheibriados was most pleased with you.
You visited 2 branches of the dungeon, and saw 6 of its levels.

You collected 188 gold pieces.
You spent 55 gold pieces at shops.

Inventory:

Hand Weapons
 a - a +0 sling
 b - a +1 hammer of venom (weapon)
Armour
 i - a +0 pair of boots (worn)
 n - a +0 scale mail
 p - a +0 ring mail (worn)
 z - a +0 leather armour
Magical Staves
 y - a staff of death
Jewellery
 j - a ring of poison resistance (left hand)
 m - an amulet of regeneration (around neck)
 A - a +6 ring of strength (right hand)
Wands
 g - a wand of digging (3)
Scrolls
 c - 2 scrolls of fog
 e - a scroll of fear
 h - a scroll of amnesia
 k - a scroll of identify
 r - a scroll of teleportation {unknown}
 u - a scroll of blinking
 v - a scroll of torment {unknown}
 B - a scroll of brand weapon {unknown}
 C - a scroll of vulnerability {unknown}
Potions
 d - 4 potions of curing {unknown}
 f - a potion of haste
 l - a potion of heal wounds
 o - a potion of lignification
 q - a potion of mutation
 s - a potion of brilliance {unknown}
 t - a potion of resistance {unknown}
 w - a potion of invisibility {unknown}
 x - 3 potions of attraction {unknown}


   Skills:
 + Level 6.9 Fighting
 + Level 2.2 Short Blades
 + Level 2.2 Long Blades
 + Level 5.1 Axes
 + Level 2.2 Maces & Flails
 + Level 2.2 Polearms
 + Level 2.2 Staves
 + Level 2.2 Ranged Weapons
 + Level 2.2 Throwing
 + Level 2.2 Armour
 + Level 5.1 Dodging
 + Level 9.8 Stealth
 + Level 2.2 Shields
 + Level 2.2 Unarmed Combat
 + Level 2.2 Spellcasting
 + Level 1.7 Conjurations
 + Level 1.7 Hexes
 + Level 1.7 Summonings
 + Level 1.7 Necromancy
 + Level 1.7 Translocations
 + Level 1.7 Transmutations
 + Level 1.7 Fire Magic
 + Level 1.7 Ice Magic
 + Level 1.7 Air Magic
 + Level 1.7 Earth Magic
 + Level 1.7 Poison Magic
 + Level 2.4 Invocations
 + Level 2.2 Evocations


You had 9 spell levels left.
You didn't know any spells.
Your spell library contained the following spells:

 Spells                   Type           Power      Damage    Failure   Level
 Sublimation of Blood     Necr           8%         N/A       21%         2
 Gell's Gravitas          Tloc           8%         N/A       38%         3
 Teleport Other           Tloc           8%         N/A       38%         3
 Petrify                  Tmut/Erth      8%         N/A       80%         4
 Irradiate                Conj/Tmut      4%         3d13      98%         5
 Dispersal                Tloc           4%         N/A       100%        6


Dungeon Overview and Level Annotations

Branches:
Dungeon (5/15)             Temple (1/1) D:4

Altars:
Ashenzari
Cheibriados
Elyvilon
Fedhas
Hepliaklqana
Makhleb
Nemelex Xobeh
Qazlal
Ru
Trog
Uskayaw
Wu Jian
Xom
Yredelemnul
The Shining One

Shops:
D:1 :=*(

Annotations:
D:2 1 runed translucent door, Crazy Yiuf


Innate Abilities, Weirdness & Mutations

You have very sharp teeth.
Your uncanny sense of smell can sniff out nearby items.
Your experience applies equally to all skills.


Message History

No target in view!
No target in view!
You open the door.
There is an open door here.
k - a scroll of identify You open the door.
There is an open door here.
There is an open door here.
You open the door.
There is an open door here.
There is an open door here.
You open the large door.
An ogre and an iguana come into view.
The ogre shouts!
The iguana hisses angrily.
There are monsters nearby!
You shoot a sling bullet. The sling bullet hits the iguana.
The iguana is lightly wounded.
Your +1 hammer of venom begins to drip with poison!
b - a +1 hammer of venom (weapon)
You sock the iguana!
The iguana is poisoned.
The iguana is severely wounded.
The iguana closely misses you.
You hit the iguana.
You kill the iguana!
Cheibriados thoroughly appreciates the change of pace.
The ogre misses you.
You barely miss the ogre.
The ogre hits you with a +0 giant club!!
You hit the ogre.
The ogre is poisoned.
You punch the ogre.
The ogre is moderately wounded.
You barely miss the ogre.
The ogre is moderately wounded.
The ogre hits you with a +0 giant club.
You are too injured to fight recklessly!
You are too injured to fight recklessly!
You hit the ogre.
The ogre looks as sick as possible!
The ogre is heavily wounded.
The ogre hits you with a +0 giant club!!
Ouch! That really hurt!
You die...

*~,,* #......+.........+....
******########...##.........##...
,,,,,,......##'#.#...........#.#+
,*,,,,.........#####.......#####.
*,,***########.#####+#...#'###...
,,** **....##......#####...##..
*** **,.....##.###.......#..'..
*,,≈§.≈.§#.# #############.
*,,≈.⌠...O@# #. *,,.⌠.≈..'.# ##
*,∆§.≈≈..### **,.....#* **..§.#*
*####*


You could see an ogre (extremely poisoned).

Vanquished Creatures
  A black bear (D:3)
  2 orc priests (D:4)
  Terence (D:2)
  An iguana (D:4)
  2 hound zombies (D:3)
  2 hound skeletons (D:3)
  3 adders (D:2)
  3 adder zombies (D:3)
  An adder skeleton (D:3)
  3 worms
  A dart slug (D:4)
  4 orcs
  5 ball pythons
  2 endoplasms (D:1)
  2 giant cockroaches
  8 hobgoblins
  7 jackals
  2 quokkas
  13 bats
  3 frilled lizards
  2 goblins (D:2)
  A jackal skeleton (D:3)
  2 jackal zombies (D:3)
  7 kobolds
  4 rats
82 creatures vanquished.

Vanquished Creatures (others)
  3 fungi (D:4)
  2 plants (D:1)
  2 withered plants (D:3)
7 creatures vanquished.

Grand Total: 89 creatures vanquished

Notes
Turn   | Place    | Note
-------+----------+-------------------------------------------
     0 | D:5      | Reached skill level 9 in Stealth
     0 | D:5      | hellse the Gnoll Delver began the quest for the Orb.
     0 | D:5      | Reached XP level 1. HP: 23/23 MP: 1/1
   103 | D:4      | Found a staircase to the Ecumenical Temple.
   108 | Temple   | Entered the Ecumenical Temple
   159 | Temple   | Became a worshipper of Cheibriados the Contemplative
   200 | D:3      | Reached XP level 2. HP: 20/29 MP: 2/2
   588 | D:2      | Reached * piety under Cheibriados
   589 | D:2      | Reached XP level 3. HP: 32/35 MP: 2/4
   630 | D:2      | Found a hide-covered altar of Uskayaw.
   705 | D:1      | Reached skill level 1 in Invocations
   834 | D:1      | Found a faded altar of an unknown god.
   900 | D:1      | Found Memak's Book Emporium.
   959 | D:1      | Reached skill level 1 in Short Blades
   959 | D:1      | Reached skill level 1 in Long Blades
   959 | D:1      | Reached skill level 1 in Maces & Flails
   959 | D:1      | Reached skill level 1 in Polearms
   959 | D:1      | Reached skill level 1 in Staves
   959 | D:1      | Reached skill level 1 in Ranged Weapons
   959 | D:1      | Reached skill level 1 in Throwing
   959 | D:1      | Reached skill level 1 in Armour
   959 | D:1      | Reached skill level 1 in Shields
   959 | D:1      | Reached skill level 1 in Unarmed Combat
   959 | D:1      | Reached skill level 1 in Spellcasting
   959 | D:1      | Reached skill level 1 in Evocations
   966 | D:1      | Found Godeistac's Assorted Antiques.
   971 | D:1      | Bought a fuming silvery potion for 17 gold pieces
   971 | D:1      | Bought a scroll labelled GEAL SUASO for 19 gold pieces
   971 | D:1      | Bought a scroll labelled INAMNE LIOX for 19 gold pieces
   998 | D:1      | Found Bisat's Jewellery Shoppe.
  1125 | D:1      | Reached ** piety under Cheibriados
  1188 | D:1      | Found Gupeaha's Weapon Boutique.
  1407 | D:2      | Noticed Terence
  1420 | D:2      | Reached XP level 4. HP: 26/41 MP: 5/5
  1433 | D:2      | Killed Terence
  1434 | D:2      | Reached skill level 1 in Conjurations
  1434 | D:2      | Reached skill level 1 in Hexes
  1434 | D:2      | Reached skill level 1 in Summonings
  1434 | D:2      | Reached skill level 1 in Necromancy
  1434 | D:2      | Reached skill level 1 in Translocations
  1434 | D:2      | Reached skill level 1 in Transmutations
  1434 | D:2      | Reached skill level 1 in Fire Magic
  1434 | D:2      | Reached skill level 1 in Ice Magic
  1434 | D:2      | Reached skill level 1 in Air Magic
  1434 | D:2      | Reached skill level 1 in Earth Magic
  1434 | D:2      | Reached skill level 1 in Poison Magic
  1577 | D:2      | Reached XP level 5. HP: 47/47 MP: 5/7
  1639 | D:2      | Found a runed translucent door.
  1640 | D:2      | Noticed Crazy Yiuf
  2152 | D:3      | Found a glowing golden altar of the Shining One.
  2301 | D:3      | Reached *** piety under Cheibriados
  2691 | D:4      | Noticed a black bear
  2770 | D:3      | Killed a black bear
  2771 | D:3      | Reached skill level 5 in Axes
  2771 | D:3      | Reached skill level 5 in Dodging
  2771 | D:3      | Reached XP level 6. HP: 53/53 MP: 7/9
  3049 | D:4      | Found a broken altar of Ashenzari.
  3050 | D:4      | Found a hazy altar of Hepliaklqana.
  3054 | D:4      | Found a shimmering altar of Xom.
  3056 | D:4      | Found a bloodstained altar of Trog.
  3057 | D:4      | Found a hide-covered altar of Uskayaw.
  3380 | D:4      | Slain by an ogre

Illustrated notes

Levels and vault maps discovered:
D:1:      sevenhm_arrival_forest_fort_small_5, layout_basic, serial_shops, shop,
          nicolae_shop_hallway_plus, nicolae_lakefront_shop,
          nicolae_shop_hallway_stairs,
          dreamdust_ecumenical_altar_hidden_monk_grotto,
          minmay_misc_feat_more_columns, minmay_misc_feat_ornament,
          grunt_decor_arrowhead
D:2:      layout_rooms, basic_altar, uniq_terence, uniq_crazy_yiuf_cottage
D:3:      layout_basic, mainiacjoe_overflow_tiny_flanked, serial_undead,
          serial_undead_a, serial_undead_f, serial_undead_f, serial_undead_f,
          serial_undead_d, serial_undead_a, serial_undead_d, serial_undead_c,
          serial_undead_a, serial_undead_b
D:4:      nicolae_cairo_tiling_very_big, layout_basic, minitemple,
          serial_aquarium, aquarium_bridge_straight [aquarium_subvault_bridge,
          aquarium_subvault_wall, aquarium_subvault_bridge,
          aquarium_subvault_wall], aquarium_window_1, aquarium_window_1,
          aquarium_window_1, aquarium_view_2d, aquarium_view_2c,
          aquarium_pool_split, nicolae_shop_i_like_big_books,
          minmay_stone_trees_small, nrook_mini_backslash,
          kennysheep_generic_room_3
D:5:      layout_loops_ring, pdpol_temple_overflow_zin_treasury_gozag_greed,
          serial_shops, kennysheep_little_box, minivault_27
Temple:   kb_temple_of_zot

Skill      XL: |  1  2  3  4  5 |
---------------+----------------+-----
Stealth        | |  9.8
Invocations    | 1 2 |  2.4
Short Blades   | 1 2 |  2.2
Long Blades    | 1 2 |  2.2
Maces & Flails | 1 2 |  2.2
Polearms       | 1 2 |  2.2
Staves         | 1 2 |  2.2
Ranged Weapons | 1 2 |  2.2
Throwing       | 1 2 |  2.2
Armour         | 1 2 |  2.2
Shields        | 1 2 |  2.2
Unarmed Combat | 1 2 |  2.2
Spellcasting   | 1 2 |  2.2
Evocations     | 1 2 |  2.2
Conjurations   | 1 |  1.7
Hexes          | 1 |  1.7
Summonings     | 1 |  1.7
Necromancy     | 1 |  1.7
Translocations | 1 |  1.7
Transmutations | 1 |  1.7
Fire Magic     | 1 |  1.7
Ice Magic      | 1 |  1.7
Air Magic      | 1 |  1.7
Earth Magic    | 1 |  1.7
Poison Magic   | 1 |  1.7
Axes           | 5 |  5.1
Dodging        | 5 |  5.1
Fighting       | |  6.9

Action                   |  1- 3 |  4- 6 || total
-------------------------+-------+-------++-------
Melee: Hand axe          |   119 |    14 ||   133
       Bite              |    19 |     7 ||    26
       Trident           |       |    13 ||    13
       Short sword       |       |     2 ||     2
       Punch             |       |     3 ||     3
       Mace              |       |    43 ||    43
 Fire: Sling             |       |    85 ||    85
  Use: Scroll            |     1 |     5 ||     6
 Stab: Sleeping          |    12 |     2 ||    14
Armor: Leather armour    |    22 |       ||    22
       Ring mail         |    37 |    37 ||    74
       Scale mail        |     6 |       ||     6
Dodge: Dodged            |   116 |    61 ||   177

Table legend: (Time is in decaauts)
 A = Elapsed time spent in this place.
 B = Non-inter-level travel time spent in this place.
 C = Inter-level travel time spent in this place.
 D = Time resting spent in this place.
 E = Time spent auto-exploring this place.
 F = Levels seen in this place.
 G = Mean time per level.
                   A        B        C        D        E       F      G
               +--------+--------+--------+--------+--------+-----+--------+
         Total |   4691 |   4521 |    170 |    294 |   3260 |   6 |  781.8 |
       Dungeon |   4604 |   4469 |    135 |    294 |   3216 |   5 |  920.8 |
        Temple |     87 |     53 |     34 |      0 |     44 |   1 |   87.0 |
               +--------+--------+--------+--------+--------+-----+--------+

Top non-repeatable levels by time:
     D:3: 1720 daAuts
     D:4: 1020 daAuts
     D:1: 966 daAuts
     D:2: 881 daAuts
  Temple: 87 daAuts
     D:5: 16 daAuts
